 Dungeon Crawl Stone Soup version 0.31-a0-524-g2a164cf6a2 (webtiles) character file.

Game seed: 6620550731963258870

81 AdnanSaban the Shield-Bearer (level 4, 0/28 HPs)
             Began as a Gargoyle Fighter on Aug 12, 2023.
             Slain by an ice beast (4 damage)
             ... on level 2 of the Dungeon.
             The game lasted 00:01:31 (1078 turns).

AdnanSaban the Shield-Bearer (Gargoyle Fighter)     Turns: 1078, Time: 00:01:32

Health: 0/28       AC: 17    Str: 21    XL:     4   Next: 42%
Magic:  4/4        EV:  6    Int:  9    God:
Gold:   185        SH:  5    Dex: 15    Spells: 3/3 levels left

rFire   . . .        a - +0 flail
rCold   . . .        c - +0 buckler
rNeg    + . .        p - +0 plate armour
rPois   ∞            (no helmet)
rElec   +            (no cloak)
rCorr   .            (no gloves)
SInv    .            k - +1 pair of boots
Will    .....        (no amulet) Stlth
                     t - +6 ring of dexterity
HPRegen 0.24/turn    (no ring)
MPRegen 0.09/turn

%: no passive effects
@: no status effects
A: sickness immunity, AC +3, negative energy resistance 1, electricity
resistance, torment resistance 1, petrification resistance
a: no special abilities


You were on level 2 of the Dungeon.
You visited 1 branch of the dungeon, and saw 3 of its levels.

You collected 185 gold pieces.

Inventory:

Hand Weapons
 a - a +0 flail (weapon)
Missiles
 h - 6 javelins
 s - 3 curare-tipped darts
 u - 4 poisoned darts
Armour
 c - a +0 buckler (worn)
 k - a +1 pair of boots (worn)
 p - a +0 plate armour (worn)
Jewellery
 t - a +6 ring of dexterity (left hand)
Wands
 r - a wand of mindburst (10)
Scrolls
 b - a scroll of blinking {unknown}
 g - 3 scrolls of identify {unknown}
 i - a scroll of fog {unknown}
 j - a scroll of vulnerability {unknown}
 o - a scroll of enchant weapon {unknown}
 q - a scroll of noise {unknown}
 v - a scroll of enchant armour {unknown}
Potions
 d - a potion of might
 e - 5 potions of curing {unknown}
 f - a potion of haste {unknown}
 l - a potion of brilliance {unknown}
 m - a potion of degeneration {unknown}
 n - a potion of berserk rage {unknown}


   Skills:
 + Level 3.6 Fighting
 + Level 3.0 Maces & Flails
 + Level 3.7 Armour
 + Level 0.3 Dodging
 + Level 0.1 Stealth
 + Level 4.1 Shields


You had 3 spell levels left.
You didn't know any spells.
Your spell library contained the following spells:

 Spells                   Type           Power      Damage    Failure   Level
 Magic Dart               Conj           0%         1d3       100%        1
 Searing Ray              Conj           0%         2d4       100%        2
 Fulminant Prism          Conj/Hex       0%         3d5       100%        4


Dungeon Overview and Level Annotations

Branches:
Dungeon (3/15)

Altars:

Shops:
D:2 [


Innate Abilities, Weirdness & Mutations

You are immune to sickness and miasma.
Your stone body is resilient. (AC +3)
You are immune to poison.
You resist negative energy. (rN+)
You are resistant to electric shocks. (rElec)
You are resistant to unholy torment.
You are immune to petrification.


Message History

Done exploring.
You see here a rat corpse.
There is a stone staircase leading down here.
You climb downwards.
The ball python hisses angrily.
There is a stone staircase leading up here.
There is a stone staircase leading up here.
The ice beast hits you but does no damage.
You climb upwards.
There is a stone staircase leading down here.
Okay, then.
You hit the ice beast but do no damage.
The ice beast hits you but does no damage.
You closely miss the ice beast.
The ice beast hits you but does no damage.
You sock the ice beast!
The ice beast is moderately wounded.
You block the ice beast's attack.
You closely miss the ice beast.
The ice beast is moderately wounded.
The ice beast completely misses you. The ice beast barely misses you.
You hit the ice beast.
The ice beast is heavily wounded.
The ice beast barely misses you.
You closely miss the ice beast.
The ice beast is heavily wounded.
The ice beast hits you but does no damage.
You hit the ice beast.
The ice beast is severely wounded.
The ice beast hits you but does no damage.
You hit the ice beast.
The ice beast is severely wounded.
The ice beast hits you. The ice beast freezes you. The ice beast hits you.
The ice beast freezes you!
Ouch! That really hurt!
* * * LOW HITPOINT WARNING * * *
You closely miss the ice beast.
The ice beast is severely wounded.
The ice beast hits you.
You die...

.####.#.....#....#.##.###........
##.....###..##........####.......
#.....# #.......#..........).##.
#..<..# #.#)†##.###..#..#...<.#.
#.....###............##.#..#..##
#.....##........####>.....>.....
#.....##........#####...........
########..........# ##..........
#......Y@..###...........
#........................
#..............###.......
###............#####.......
#............#........<....
#..#######...#######...#... #..#
#...# ##...... #..# ##### ####...
#.## #...


You could see an ice beast.

Vanquished Creatures
  2 adders (D:2)
  2 worms (D:2)
  3 dart slugs
  7 endoplasms
  4 giant cockroaches
  2 goblins (D:2)
  3 hobgoblins (D:1)
  6 jackals
  2 kobolds
  4 ball pythons
  6 bats
  3 frilled lizards
  6 rats
50 creatures vanquished.

Notes
Turn   | Place    | Note
-------+----------+-------------------------------------------
     0 | D:1      | AdnanSaban the Gargoyle Fighter began the quest for the
                  | Orb.
     0 | D:1      | Reached XP level 1. HP: 14/14 MP: 1/1
    87 | D:1      | Reached XP level 2. HP: 19/19 MP: 2/2
   345 | D:1      | Reached XP level 3. HP: 23/23 MP: 3/3
   649 | D:2      | Reached skill level 4 in Shields
   795 | D:2      | Found Iczyb's Antique Armour Shop.
   813 | D:2      | Reached XP level 4. HP: 28/28 MP: 4/4
  1065 | D:3      | Noticed an ice beast
  1078 | D:2      | Slain by an ice beast

Illustrated notes

Levels and vault maps discovered:
D:1:      heliophobic_arrival_henge, layout_basic
D:2:      layout_rooms, serial_shops, shop
D:3:      layout_loops_cross, lemuel_coloured_pillars_altar,
          hellmonk_ecumenical_altar_lost_god

Skill      XL: |  1  2  3  4 |
---------------+-------------+-----
Shields        | 4 |  4.1
Maces & Flails | 3 |  3.0
Fighting       | |  3.6
Armour         | |  3.7
Dodging        | |  0.3
Stealth        | |  0.1

Action                     |  1- 3 |  4- 6 || total
---------------------------+-------+-------++-------
  Melee: Flail             |   146 |    37 ||   183
 Armour: Scale mail        |    52 |       ||    52
         Plate armour      |    54 |    31 ||    85
         Skin              |     3 |       ||     3
  Dodge: Dodged            |    61 |    20 ||    81
  Block: Buckler           |    32 |    11 ||    43

Table legend: (Time is in decaauts)
 A = Elapsed time spent in this place.
 B = Non-inter-level travel time spent in this place.
 C = Inter-level travel time spent in this place.
 D = Time resting spent in this place.
 E = Time spent auto-exploring this place.
 F = Levels seen in this place.
 G = Mean time per level.
                   A        B        C        D        E       F      G
               +--------+--------+--------+--------+--------+-----+--------+
         Total |   1134 |   1107 |     27 |      0 |    695 |   3 |  378.0 |
       Dungeon |   1134 |   1107 |     27 |      0 |    695 |   3 |  378.0 |
               +--------+--------+--------+--------+--------+-----+--------+

Top non-repeatable levels by time:
     D:1: 608 daAuts
     D:2: 522 daAuts
     D:3: 3 daAuts
